[Event "Titled Tuesday Blitz March 21 Late 2023"]
[White "Smith, Garrett L"]
[Black "Hirneise, Jens"]
[WhiteFideId "2024829"]
[BlackFideId "24614734"]
[WhiteElo "2303"]
[BlackElo "2345"]
[Result "0-1"]
[Round "08"]
[TimeControl "180+2"]
[Date "2023.03.21"]
[WhiteClock "0:00:34"]
[BlackClock "0:01:25"]

1. e4 Nc6 2. d4 d5 3. Nc3 e6 4. Bb5 Nf6 5. e5 Nd7 6. Be3 Be7 7. Nf3 Nb6 8. O-O Bd7 9. Re1 O-O 10. a3 Nc4 11. Bxc4 dxc4 12. Nd2 Na5 13. Qe2 b5 14. Nce4 Bc6 15. f3 Bd5 16. Rad1 Nc6 17. Nb1 a5 18. Nbc3 b4 19. axb4 axb4 20. Nxd5 exd5 21. Ng3 Ra2 22. Rb1 Bh4 23. f4 Bxg3 24. hxg3 f5 25. Bf2 Ne7 26. e6 Qd6 27. Qe3 Rfa8 28. c3 b3 29. Qf3 g6 30. g4 fxg4 31. Qxg4 Rf8 32. g3 Ra6 33. Kg2 Rf6 34. Rh1 Qxe6 35. Qh4 Qe4+ 36. Kg1 Qxb1+ 0-1


[Site "https://www.chess.com"]

[Event "Titled Tuesday Blitz March 21 Late 2023"]
[White "Olsson, William"]
[Black "Ruiz Aguilar, Pablo Alexander"]
[WhiteFideId "1741721"]
[BlackFideId "4401352"]
[WhiteElo "2197"]
[BlackElo "2138"]
[Result "1-0"]
[Round "08"]
[TimeControl "180+2"]
[Date "2023.03.21"]
[WhiteClock "0:00:26"]
[BlackClock "0:00:02"]

1. c4 c6 2. Nf3 d5 3. g3 Nf6 4. Bg2 e6 5. O-O Nbd7 6. b3 Bd6 7. Bb2 O-O 8. d3 Qe7 9. Nbd2 Ba3 10. Bxa3 Qxa3 11. e4 Rd8 12. e5 Ne8 13. d4 a5 14. Qc2 a4 15. Ng5 g6 16. cxd5 cxd5 17. h4 axb3 18. Nxb3 b6 19. h5 Ba6 20. Bh3 Bxf1 21. hxg6 hxg6 22. Kxf1 Qe7 23. f4 Ng7 24. Kg2 Rdc8 25. Qe2 Nf5 26. Bxf5 exf5 27. Rh1 Nf8 28. Kg1 Ne6 29. Qh2 1-0


[Site "https://www.chess.com"]

[Event "Titled Tuesday Blitz March 21 Late 2023"]
[White "Albuquerque Junior,Wellington S."]
[Black "reevecanada"]
[WhiteFideId "2151480"]
[WhiteElo "2109"]
[BlackElo "2440"]
[Result "0-1"]
[Round "08"]
[TimeControl "180+2"]
[Date "2023.03.21"]
[WhiteClock "0:00:03"]
[BlackClock "0:00:49"]

1. c4 c5 2. g3 d6 3. Bg2 Nf6 4. Nc3 e6 5. e4 Be7 6. Nge2 O-O 7. O-O Nc6 8. b3 Qc7 9. h3 a6 10. Kh2 b6 11. Bb2 Bb7 12. Rc1 Rfd8 13. a4 Nb4 14. d4 Bc6 15. d5 Bb7 16. f4 Bf8 17. Qd2 g6 18. e5 dxe5 19. fxe5 Qxe5 20. Rxf6 Qxf6 21. Ne4 Qe7 22. Qc3 e5 23. Qxe5 Qxe5 24. Bxe5 Bg7 25. Nf6+ Bxf6 26. Bxf6 Re8 27. Nf4 Re3 28. d6 Bxg2 29. Kxg2 Rxb3 30. d7 Nc6 31. Re1 Kf8 32. Nd5 Rd3 33. Nxb6 Rd2+ 34. Kf3 Rb8 35. a5 Rd6 0-1


[Site "https://www.chess.com"]

[Event "Titled Tuesday Blitz March 21 Late 2023"]
[White "Skaric, Djuro"]
[Black "Tymrakiewicz, Rafal"]
[WhiteFideId "934569"]
[BlackFideId "1108832"]
[WhiteElo "2282"]
[BlackElo "2151"]
[Result "0-1"]
[Round "08"]
[TimeControl "180+2"]
[Date "2023.03.21"]
[WhiteClock "0:00:48"]
[BlackClock "0:00:14"]

1. g3 e5 2. Bg2 d5 3. d3 Nf6 4. Nf3 Nc6 5. O-O h6 6. Nc3 Bg4 7. h3 Bh5 8. e4 dxe4 9. dxe4 Qxd1 10. Rxd1 Bxf3 11. Bxf3 Nd4 12. Bg2 Nxc2 13. Rb1 c6 14. a3 a5 15. Na4 Rd8 16. Be3 Nxe3 17. fxe3 b5 18. Nc3 Bc5 19. Kf2 Ke7 20. Ke2 Rxd1 21. Rxd1 Rd8 22. Rc1 Nd7 23. h4 Bd6 24. Rc2 a4 25. Bf1 Nc5 26. Kf3 Nb3 27. Bh3 Bc5 28. Ke2 Rd6 29. Bf5 g6 30. Bh3 h5 31. Bg2 Bb6 32. Bf1 Kd7 33. Bh3+ Ke7 34. Bg2 Ba5 35. Nb1 c5 36. Bf1 c4 37. Kf3 Nd2+ 38. Nxd2 Rxd2 39. Rc1 Rxb2 40. Rd1 Bd2 41. g4 hxg4+ 42. Kxg4 c3 43. Bd3 c2 44. Bxc2 Rxc2 45. Rb1 b4 46. axb4 a3 47. Rb3 a2 48. Ra3 Bc3 49. Ra7+ Kf8 50. b5 a1=Q 51. Rxa1 Bxa1 52. b6 Rb2 53. h5 gxh5+ 54. Kf5 Rxb6 0-1


[Site "https://www.chess.com"]

[Event "Titled Tuesday Blitz March 21 Late 2023"]
[White "Meunier-Pion, Jean"]
[Black "Harish, Neeraj"]
[WhiteFideId "20685327"]
[BlackFideId "30958130"]
[WhiteElo "2124"]
[BlackElo "1963"]
[Result "1-0"]
[Round "08"]
[TimeControl "180+2"]
[Date "2023.03.21"]
[WhiteClock "0:00:31"]
[BlackClock "0:00:25"]

1. d4 d5 2. c4 e6 3. Nf3 Nf6 4. Bg5 Be7 5. e3 h6 6. Bf4 O-O 7. Nc3 c5 8. dxc5 Bxc5 9. Ne5 Nc6 10. Be2 Nxe5 11. Bxe5 dxc4 12. Bxc4 Nd7 13. Bg3 Nb6 14. Bd3 Bd7 15. Qe2 Bc6 16. O-O Nd5 17. Ne4 Be7 18. a3 Nf6 19. Nc3 Nd5 20. Rac1 Nxc3 21. Rxc3 Bf6 22. Rc2 Qb6 23. e4 Bd4 24. b4 e5 25. b5 Bd7 26. Kh1 Rac8 27. Rfc1 Rxc2 28. Rxc2 Rc8 29. Rxc8+ Bxc8 30. Bc4 Be6 31. h4 Bxc4 32. Qxc4 Qa5 33. Qc8+ Kh7 34. Qf5+ Kg8 35. Qc8+ Kh7 36. Qf5+ Kg8 37. Bxe5 Qe1+ 38. Kh2 Bxf2 39. Qc8+ Kh7 40. Qf5+ Kg8 41. Qc8+ Kh7 42. Qg4 Bg1+ 43. Kh3 Qe3+ 44. g3 g6 45. h5 Qf2 46. hxg6+ fxg6 47. Qd7+ 1-0


[Site "https://www.chess.com"]

[Event "Titled Tuesday Blitz March 21 Late 2023"]
[White "Szyszylo, Rafal"]
[Black "Roman, Rodrigo"]
[WhiteFideId "1109626"]
[BlackFideId "3701220"]
[WhiteElo "1951"]
[BlackElo "1995"]
[Result "0-1"]
[Round "08"]
[TimeControl "180+2"]
[Date "2023.03.21"]
[WhiteClock "0:00:05"]
[BlackClock "0:00:54"]

1. e4 e5 2. d4 exd4 3. c3 d5 4. exd5 Qxd5 5. Nf3 Nc6 6. cxd4 Bg4 7. Be2 O-O-O 8. Nc3 Bb4 9. O-O Qa5 10. a3 Nf6 11. Be3 Bxc3 12. bxc3 Qxc3 13. Rc1 Qxa3 14. h3 Be6 15. Qc2 Bd5 16. Ne5 Qd6 17. Nc4 Qe7 18. Rfd1 Qe4 19. Bf3 Qxc2 20. Rxc2 Bxf3 21. gxf3 Rd5 22. Rdc1 Nxd4 23. Bxd4 Rxd4 24. Ne5 c6 25. Nxf7 Re8 26. Ng5 h6 27. Nf7 Rd7 28. Rxc6+ bxc6 29. Rxc6+ Kb7 30. Nd6+ Kxc6 31. Nxe8 Nxe8 0-1


[Site "https://www.chess.com"]

[Event "Titled Tuesday Blitz March 21 Late 2023"]
[White "Thiel, Thomas"]
[Black "Gatterer, Florian"]
[WhiteFideId "4615964"]
[BlackFideId "811688"]
[WhiteElo "2261"]
[BlackElo "2221"]
[Result "1/2-1/2"]
[Round "08"]
[TimeControl "180+2"]
[Date "2023.03.21"]
[WhiteClock "0:02:38"]
[BlackClock "0:02:53"]

1. e4 d5 2. exd5 Qxd5 3. Nc3 Qd8 4. d4 Nf6 5. Nf3 Bg4 6. h3 Bxf3 7. Qxf3 c6 8. Be3 e6 9. O-O-O Bb4 10. Bg5 Nbd7 1/2-1/2


[Site "https://www.chess.com"]

[Event "Titled Tuesday Blitz March 21 Late 2023"]
[White "ArturoCaceres"]
[Black "Einarsson, Halldor Gretar"]
[BlackFideId "2300150"]
[WhiteElo "2373"]
[BlackElo "2142"]
[Result "1-0"]
[Round "08"]
[TimeControl "180+2"]
[Date "2023.03.21"]
[WhiteClock "0:00:13"]
[BlackClock "0:00:08"]

1. e4 c5 2. Nf3 Nc6 3. d4 cxd4 4. Nxd4 Nf6 5. Nc3 e5 6. Ndb5 d6 7. Nd5 Nxd5 8. exd5 Nb8 9. c4 a6 10. Nc3 g6 11. Be2 Bg7 12. O-O O-O 13. Be3 Nd7 14. Qc2 f5 15. f4 exf4 16. Bxf4 Ne5 17. Rae1 g5 18. Bd2 f4 19. Ne4 Bf5 20. Bc3 Re8 21. Bf3 Rc8 22. b3 b5 23. Qb2 bxc4 24. bxc4 Nxc4 25. Qb3 Ne3 26. Bxg7 Kxg7 27. Qb2+ Kg6 28. Rxe3 fxe3 29. Bh5+ Kxh5 30. Ng3+ Kg6 31. Nxf5 Re5 32. Nd4 e2 33. Qb1+ Kg7 34. Re1 Rb8 35. Qd3 Qa5 36. Rxe2 Qxd5 37. Rxe5 Qxe5 38. Nf5+ Kf6 39. Ne3 1-0


[Site "https://www.chess.com"]

[Event "Titled Tuesday Blitz March 21 Late 2023"]
[White "Davidson, Kevin"]
[Black "Sabar, Ethmane Daouda"]
[WhiteFideId "2056810"]
[BlackFideId "19600097"]
[WhiteElo "2151"]
[BlackElo "1950"]
[Result "1-0"]
[Round "08"]
[TimeControl "180+2"]
[Date "2023.03.21"]
[WhiteClock "0:01:56"]
[BlackClock "0:01:48"]

1. e4 c5 2. Nf3 Nc6 3. d4 cxd4 4. Nxd4 Nf6 5. Nc3 e5 6. Ndb5 d6 7. Nd5 Nxd5 8. exd5 Nb8 9. c4 Nd7 10. Bd3 a6 11. Nc3 Be7 12. O-O O-O 13. Be3 f5 14. f3 Bf6 15. Bxf5 Nc5 16. Bxc8 Rxc8 17. Rc1 Bg5 18. Qd2 Bxe3+ 19. Qxe3 Qh4 20. b4 Nd7 21. Ne4 Qe7 22. c5 dxc5 23. bxc5 Nf6 24. d6 1-0


[Site "https://www.chess.com"]

[Event "Titled Tuesday Blitz March 21 Late 2023"]
[White "Kostiukov, Alexandr"]
[Black "Jimenez Fernandez, Rebeca"]
[WhiteFideId "14108100"]
[BlackFideId "32070934"]
[WhiteElo "2202"]
[BlackElo "2008"]
[Result "0-1"]
[Round "08"]
[TimeControl "180+2"]
[Date "2023.03.21"]
[WhiteClock "0:00:01"]
[BlackClock "0:00:14"]

1. g3 g6 2. Bg2 Bg7 3. c4 Nf6 4. Nf3 Nc6 5. O-O e5 6. d4 exd4 7. Nxd4 Nxd4 8. Qxd4 O-O 9. Nc3 d6 10. b3 Ne4 11. Qxg7+ Kxg7 12. Nxe4 f5 13. Bb2+ Kg8 14. Nc3 c6 15. Rad1 Be6 16. e4 fxe4 17. Nxe4 d5 18. Nc5 Bf7 19. Nxb7 Qe7 20. Na5 Rac8 21. a3 Qe2 22. Bc3 dxc4 23. Nxc6 Rxc6 24. Bxc6 cxb3 25. Rfe1 Qc4 26. Bb4 Qxc6 27. Bxf8 Kxf8 28. Rd8+ Kg7 29. Rb8 Qc3 30. Re7 b2 31. Reb7 Qc1+ 32. Kg2 Kh6 33. Rxb2 Bd5+ 34. Kh3 Qf1+ 35. Kh4 Qc4+ 36. f4 Qd4 37. R8b4 Qf6+ 38. Kh3 Qf5+ 39. Kh4 Qh5# 0-1


[Site "https://www.chess.com"]

[Event "Titled Tuesday Blitz March 21 Late 2023"]
[White "Hartikainen, Jarmo"]
[Black "Kalajzic, Ivan"]
[WhiteFideId "503134"]
[BlackFideId "14506378"]
[WhiteElo "2182"]
[BlackElo "2203"]
[Result "1-0"]
[Round "08"]
[TimeControl "180+2"]
[Date "2023.03.21"]
[WhiteClock "0:00:06"]
[BlackClock "0:00:02"]

1. e4 c6 2. d4 d5 3. Nc3 b5 4. a3 dxe4 5. Nxe4 Nf6 6. Nxf6+ gxf6 7. c4 bxc4 8. Bxc4 Bf5 9. Nf3 e6 10. Bf4 Bd6 11. Bg3 Qc7 12. Qd2 Be4 13. Rc1 Ke7 14. Qh6 Nd7 15. O-O Rag8 16. Rfe1 Rg6 17. Qe3 f5 18. d5 cxd5 19. Bxd5 Qb6 20. Bxe4 Qxe3 21. Rxe3 fxe4 22. Rxe4 Bxg3 23. hxg3 Rb8 24. b4 Rb7 25. Rec4 e5 26. Rc7 Rgb6 27. Nxe5 Rxc7 28. Rxc7 Kd6 29. Rxd7+ Kxe5 30. Rxf7 a5 31. Rf4 a4 32. Kf1 Rc6 33. Ke2 Rc2+ 34. Kd3 Ra2 35. Re4+ Kf5 36. Rf4+ Kg5 37. Rf7 Rxa3+ 38. Kc4 Kg6 39. Ra7 Ra2 40. b5 Rxf2 41. Rxa4 Rxg2 42. b6 Rxg3 43. b7 Rg4+ 44. Kc5 Rxa4 45. b8=Q Rg4 46. Qe8+ Kg5 47. Kd5 h5 48. Ke5 Kh4 49. Qe7+ Kg3 50. Qh7 h4 51. Qd3+ Kg2 52. Kf5 Rg3 53. Qe2+ Kh3 54. Qf1+ Kh2 55. Qf2+ Rg2 56. Qxh4+ Kg1 57. Kf4 Ra2 58. Qg5+ Kh1 59. Qb5 Rf2+ 60. Ke3 Rg2 61. Qc6 1-0


[Site "https://www.chess.com"]

[Event "Titled Tuesday Blitz March 21 Late 2023"]
[White "MunichMouse"]
[Black "Bongo Akanga Ndjila, Barthelemy"]
[BlackFideId "10609431"]
[WhiteElo "2309"]
[BlackElo "1768"]
[Result "1-0"]
[Round "08"]
[TimeControl "180+2"]
[Date "2023.03.21"]
[WhiteClock "0:01:55"]
[BlackClock "0:01:20"]

1. d4 d5 2. c4 e6 3. Nf3 a6 4. Nbd2 Nf6 5. g3 Nc6 6. Bg2 Bb4 7. O-O Bxd2 8. Bxd2 dxc4 9. Bg5 h6 10. Bxf6 Qxf6 11. e4 Qe7 12. d5 Nb8 13. Qd4 O-O 14. Qxc4 b5 15. Qc3 exd5 16. exd5 Bb7 17. Nd4 Nd7 18. Qxc7 Rab8 19. d6 Qf6 20. Bxb7 Rxb7 21. Qxb7 Qxd6 1-0


[Site "https://www.chess.com"]

[Event "Titled Tuesday Blitz March 21 Late 2023"]
[White "sebastianmarinp"]
[Black "Winkels, Marcel"]
[BlackFideId "1003887"]
[WhiteElo "2306"]
[BlackElo "1900"]
[Result "1-0"]
[Round "08"]
[TimeControl "180+2"]
[Date "2023.03.21"]
[WhiteClock "0:00:16"]
[BlackClock "0:00:02"]

1. e4 Nf6 2. e5 Nd5 3. d4 d6 4. Nf3 dxe5 5. Nxe5 c6 6. Be2 Nd7 7. Nxd7 Bxd7 8. O-O g6 9. c4 Nc7 10. Nc3 Bg7 11. Be3 O-O 12. Qd2 Re8 13. Rad1 Bf5 14. Bh6 Bh8 15. Bf3 Qd7 16. Rfe1 Rad8 17. Be3 Bg4 18. Qe2 Bxf3 19. Qxf3 Ne6 20. d5 Nf8 21. Bxa7 b5 22. Bb6 Rb8 23. dxc6 Qc8 24. c5 b4 25. Nd5 e5 26. c7 Ra8 27. Nxb4 Ne6 28. Nc6 Rxa2 29. Nxe5 Rf8 30. Nd7 Re8 31. Nf6+ Bxf6 32. Qxf6 Ra8 33. Rd8 Qb7 34. Rxe6 fxe6 35. Qxe6+ Kh8 36. Qxe8+ Kg7 37. Qf8# 1-0


[Site "https://www.chess.com"]

[Event "Titled Tuesday Blitz March 21 Late 2023"]
[White "Sarkar, Justin"]
[Black "Oliveira, Tiago Batista"]
[WhiteFideId "2010011"]
[BlackFideId "2108291"]
[WhiteElo "2189"]
[BlackElo "1962"]
[Result "1-0"]
[Round "08"]
[TimeControl "180+2"]
[Date "2023.03.21"]
[WhiteClock "0:01:08"]
[BlackClock "0:00:14"]

1. d4 Nf6 2. c4 g6 3. Nc3 d5 4. cxd5 Nxd5 5. e4 Nxc3 6. bxc3 Bg7 7. Bc4 c5 8. Ne2 O-O 9. O-O Nc6 10. Be3 Bg4 11. f3 cxd4 12. cxd4 Na5 13. Bd3 Be6 14. d5 Bxa1 15. Qxa1 f6 16. Qd4 Bd7 17. e5 b5 18. e6 Bxe6 19. dxe6 Qxd4 20. Nxd4 a6 21. a4 Rfd8 22. axb5 axb5 23. Bxb5 Rab8 24. Bd7 Rb2 25. Bf2 Rdb8 26. h4 Kg7 27. Be1 Rb1 28. Bxa5 1-0


[Site "https://www.chess.com"]

[Event "Titled Tuesday Blitz March 21 Late 2023"]
[White "Vaglio Munoz, Jaime"]
[Black "Manu_ChessExcelsior"]
[WhiteFideId "6500145"]
[WhiteElo "2199"]
[BlackElo "2058"]
[Result "0-1"]
[Round "08"]
[TimeControl "180+2"]
[Date "2023.03.21"]
[WhiteClock "0:00:03"]
[BlackClock "0:00:08"]

1. e4 c5 2. a3 g6 3. b4 cxb4 4. axb4 Bg7 5. c3 d6 6. d4 Nf6 7. Bd3 O-O 8. h3 e5 9. d5 Ne8 10. g4 f5 11. gxf5 gxf5 12. Qh5 Nf6 13. Qe2 fxe4 14. Bxe4 Nxe4 15. Qxe4 Bf5 16. Qg2 Qc7 17. Ne2 Nd7 18. Rg1 Nf6 19. Nd2 Kh8 20. c4 Rg8 21. Qf3 Bg6 22. Ng3 e4 23. Qe3 Nxd5 24. cxd5 Bxa1 25. Qa3 Bg7 26. Bb2 e3 27. Bxg7+ Qxg7 28. fxe3 Rac8 29. Ke2 Qe5 30. Qa1 Rge8 31. Qxe5+ Rxe5 32. e4 Rc2 33. Kd3 Ra2 34. Nc4 Rxd5+ 35. Kc3 Rg5 36. h4 Rg4 37. Ne3 Ra3+ 38. Kd4 Rxh4 39. Ngf5 Rh3 40. Rd1 a5 41. Nc4 Ra4 42. bxa5 d5 43. Ke5 Bxf5 44. exf5 dxc4 45. f6 Rd3 46. Rf1 Rxa5+ 47. Ke6 Ra6+ 48. Ke7 Re3+ 49. Kd7 Rd3+ 50. Ke7 Re3+ 51. Kd7 Kg8 52. Rg1+ Kf8 53. Rg7 Rf3 54. Rxh7 Rfxf6 55. Kc8 Rfc6+ 56. Kxb7 c3 57. Rh1 c2 58. Rf1+ Ke7 59. Rc1 Kd6 60. Rb1 cxb1=Q# 0-1


[Site "https://www.chess.com"]

[Event "Titled Tuesday Blitz March 21 Late 2023"]
[White "Gerbelli Neto, Eduardo"]
[Black "Kaplan, Avi Harrison"]
[WhiteFideId "2103281"]
[BlackFideId "30934559"]
[WhiteElo "2178"]
[BlackElo "1983"]
[Result "0-1"]
[Round "08"]
[TimeControl "180+2"]
[Date "2023.03.21"]
[WhiteClock "0:00:26"]
[BlackClock "0:00:54"]

1. e4 e5 2. Bc4 Nf6 3. Nc3 Bc5 4. d3 O-O 5. Bg5 h6 6. h4 c6 7. Qf3 Be7 8. Nge2 a5 9. a4 Na6 10. Ng3 Nb4 11. O-O-O b5 12. axb5 cxb5 13. Bxb5 a4 14. Bxa4 Qc7 15. Nf5 Bd8 16. Bxh6 Rxa4 17. Bxg7 d5 18. Bxf8 Kxf8 19. exd5 Nfxd5 20. Kd2 Nxc3 21. bxc3 Na2 22. c4 Qa5+ 23. Ke2 Nc3+ 24. Ke1 Nxd1+ 25. Kxd1 Ra1+ 26. Ke2 Rxh1 27. Nd6 Qe1# 0-1


[Site "https://www.chess.com"]

[Event "Titled Tuesday Blitz March 21 Late 2023"]
[White "Gallegos Diaz, Carlos Alberto"]
[Black "lluiss"]
[WhiteFideId "3900886"]
[WhiteElo "2362"]
[BlackElo "2178"]
[Result "1-0"]
[Round "08"]
[TimeControl "180+2"]
[Date "2023.03.21"]
[WhiteClock "0:01:43"]
[BlackClock "0:00:58"]

1. e4 c5 2. Nc3 d6 3. f4 g6 4. Nf3 Bg7 5. Bc4 Nc6 6. O-O e6 7. d3 Nge7 8. Kh1 h6 9. f5 exf5 10. Qe1 Be6 11. exf5 Bxc4 12. dxc4 Qd7 13. Nd5 gxf5 14. Qg3 Rg8 15. Bxh6 O-O-O 16. Bxg7 Nxd5 17. cxd5 f6 18. dxc6 bxc6 19. Rad1 Rxg7 20. Rxd6 1-0


[Site "https://www.chess.com"]

[Event "Titled Tuesday Blitz March 21 Late 2023"]
[White "Bjelobrk, Igor"]
[Black "Ardila, Oscar Humberto"]
[WhiteFideId "4300726"]
[BlackFideId "4404742"]
[WhiteElo "2335"]
[BlackElo "1911"]
[Result "1-0"]
[Round "08"]
[TimeControl "180+2"]
[Date "2023.03.21"]
[WhiteClock "0:01:57"]
[BlackClock "0:01:41"]

1. d4 Nf6 2. c4 g6 3. Nc3 Bg7 4. e4 d6 5. Nf3 O-O 6. Be2 Nbd7 7. Be3 e5 8. d5 Nc5 9. Nd2 a5 10. g4 c6 11. h4 cxd5 12. cxd5 Nfd7 13. h5 f5 14. hxg6 hxg6 15. gxf5 gxf5 16. exf5 Nf6 17. Qc2 Bd7 18. O-O-O Rc8 19. Rdg1 Rf7 20. Nf3 b5 21. Ng5 Re7 22. Ne6 Bxe6 23. fxe6 Nce4 24. Bxb5 Qc7 25. Bc6 Nxc3 26. bxc3 e4 27. Bg5 Rxe6 28. dxe6 Qxc6 29. Bxf6 d5 1-0


[Site "https://www.chess.com"]

[Event "Titled Tuesday Blitz March 21 Late 2023"]
[White "Li, Hui"]
[Black "Khatena, Moshe"]
[WhiteFideId "15400310"]
[BlackFideId "2010461"]
[WhiteElo "1967"]
[BlackElo "2209"]
[Result "0-1"]
[Round "08"]
[TimeControl "180+2"]
[Date "2023.03.21"]
[WhiteClock "0:00:03"]
[BlackClock "0:00:40"]

1. e4 Nf6 2. e5 Nd5 3. d4 d6 4. Nf3 g6 5. Bc4 Nb6 6. Bb3 Bg7 7. O-O O-O 8. a4 a5 9. Qe2 Nc6 10. Bf4 Bg4 11. Nbd2 Nxd4 12. Qe4 Nxb3 13. Nxb3 Bxf3 14. Qxf3 dxe5 15. Rfd1 Qc8 16. Bg5 f6 17. Be3 Kh8 18. Nc5 c6 19. Qe2 Nd5 20. c4 Nxe3 21. Qxe3 Rd8 22. Rac1 f5 23. Rxd8+ Qxd8 24. Ne6 Qd6 25. Nxg7 Kxg7 26. h4 h5 27. Re1 e4 28. Qb6 Qd2 29. Rf1 Qb4 30. Qd4+ Kf7 31. f3 exf3 32. Rxf3 Qd6 33. Qb6 Qd1+ 34. Kh2 Qd6+ 35. Kg1 Qd7 36. Rb3 Rd8 37. Qxb7 Qd4+ 38. Kh2 Qxh4+ 39. Rh3 Qf4+ 40. Kg1 Rd1# 0-1


[Site "https://www.chess.com"]

[Event "Titled Tuesday Blitz March 21 Late 2023"]
[White "Rosenberg, Evan S"]
[Black "Picard, Romain"]
[WhiteFideId "2019299"]
[BlackFideId "627216"]
[WhiteElo "2303"]
[BlackElo "2225"]
[Result "1-0"]
[Round "08"]
[TimeControl "180+2"]
[Date "2023.03.21"]
[WhiteClock "0:00:11"]
[BlackClock "0:00:02"]

1. d4 Nf6 2. Nf3 g6 3. Nc3 d5 4. Bf4 c6 5. Qd2 Ne4 6. Nxe4 dxe4 7. Ne5 Be6 8. e3 Nd7 9. g4 h5 10. Bg2 hxg4 11. Bxe4 Nf6 12. Bd3 Bd5 13. O-O Ne4 14. Qe2 Nf6 15. Nxg4 Qd7 16. Nxf6+ exf6 17. e4 Be6 18. d5 Bh3 19. Rfe1 O-O-O 20. Qe3 c5 21. b4 Bd6 22. Bxd6 Qxd6 23. Qxc5+ Qxc5 24. bxc5 Rh4 25. Re3 f5 26. f3 1-0


[Site "https://www.chess.com"]

[Event "Titled Tuesday Blitz March 21 Late 2023"]
[White "Elaisaz"]
[Black "Prieto Aranguren, Alain"]
[BlackFideId "2268906"]
[WhiteElo "2175"]
[BlackElo "2209"]
[Result "1-0"]
[Round "08"]
[TimeControl "180+2"]
[Date "2023.03.21"]
[WhiteClock "0:00:45"]
[BlackClock "0:00:05"]

1. e4 c6 2. d4 d5 3. exd5 cxd5 4. Bd3 Nc6 5. c3 Qc7 6. Ne2 Bg4 7. h3 Bh5 8. Qc2 e6 9. Bf4 Bd6 10. Bxd6 Qxd6 11. Bxh7 Nge7 12. Bd3 Rc8 13. Qd2 Bg6 14. Na3 e5 15. Nb5 Qb8 16. dxe5 Nxe5 17. Bxg6 N7xg6 18. Qxd5 O-O 19. O-O Rfd8 20. Qe4 Rd2 21. Rad1 Rxb2 22. Nd6 Rf8 23. f4 Nc6 24. f5 Nge5 25. f6 g6 26. Qe3 Nd7 27. Qh6 Nxf6 28. Rxf6 Rxe2 29. Nxf7 Rxg2+ 30. Kxg2 Rxf7 31. Rxg6+ Rg7 32. Qxg7# 1-0


[Site "https://www.chess.com"]

[Event "Titled Tuesday Blitz March 21 Late 2023"]
[White "Kovacevic, Radmila"]
[Black "rionelG"]
[WhiteFideId "933171"]
[WhiteElo "2194"]
[BlackElo "2263"]
[Result "1-0"]
[Round "08"]
[TimeControl "180+2"]
[Date "2023.03.21"]
[WhiteClock "0:00:24"]
[BlackClock "0:00:01"]

1. e4 c5 2. Nf3 d6 3. d4 cxd4 4. Nxd4 Nf6 5. Nc3 a6 6. a4 g6 7. Bc4 Bg7 8. h3 O-O 9. O-O Nc6 10. Nxc6 bxc6 11. Be3 Rb8 12. Rb1 e6 13. Qe2 a5 14. Rfd1 d5 15. Bb3 Qc7 16. Bc5 Re8 17. e5 Nd7 18. Bd6 Qa7 19. Bxb8 Nxb8 20. Kh1 Ba6 21. Qe1 c5 22. Nb5 Bxb5 23. axb5 a4 24. Ba2 Qb6 25. c4 d4 26. Rd3 Nd7 27. f4 Rb8 28. Qd1 Ra8 29. Rc1 g5 30. g3 Nf8 31. Bb1 gxf4 32. gxf4 Ng6 33. Qg4 Qb7+ 34. Kh2 Qe4 35. Rf1 1-0


[Site "https://www.chess.com"]

[Event "Titled Tuesday Blitz March 21 Late 2023"]
[White "Ricaurte Lopez, Juan Carlos"]
[Black "Stanisz, Patryk"]
[WhiteFideId "3600327"]
[BlackFideId "1123106"]
[WhiteElo "2209"]
[BlackElo "2069"]
[Result "1-0"]
[Round "08"]
[TimeControl "180+2"]
[Date "2023.03.21"]
[WhiteClock "0:00:08"]
[BlackClock "0:00:33"]

1. e4 c5 2. d4 cxd4 3. c3 Nf6 4. e5 Nd5 5. Bc4 Nb6 6. Bb3 d5 7. cxd4 Nc6 8. h3 e6 9. Nf3 Be7 10. O-O h6 11. Be3 Na5 12. Nbd2 Nxb3 13. axb3 Bd7 14. Qe2 a6 15. Rfc1 Bb5 16. Qd1 Rc8 17. Ne1 O-O 18. Qg4 Kh8 19. f3 Qd7 20. f4 f5 21. exf6 Bxf6 22. Nef3 Rxc1+ 23. Rxc1 Rc8 24. Rc3 Rxc3 25. bxc3 Bd3 26. Ne5 Bxe5 27. fxe5 Qf7 28. Qh4 Nd7 29. Qd8+ Kh7 30. Qc7 b6 31. c4 dxc4 32. bxc4 a5 33. Qd6 Nf8 34. Qxb6 a4 35. Qa5 Bc2 36. d5 Ng6 37. d6 Nf8 38. Qc3 Qg6 39. c5 Be4 40. Nxe4 Qxe4 41. c6 a3 42. c7 a2 43. c8=Q Qxe3+ 44. Qxe3 a1=Q+ 45. Qec1 Qa7+ 46. Kh1 Qf7 47. Q8c3 g6 48. Qf3 Qg7 49. Qcf1 Nd7 50. Qf7 Nxe5 51. Qxg7+ Kxg7 52. Qa1 Kf6 53. d7 Ke7 54. Qxe5 Kxd7 55. Qf6 g5 56. Qxh6 Kd6 57. Qxg5 Kd7 1-0


[Site "https://www.chess.com"]

[Event "Titled Tuesday Blitz March 21 Late 2023"]
[White "Marcolino, Daniel Mattos"]
[Black "Fajdetic, Hrvoje"]
[WhiteFideId "2106841"]
[BlackFideId "14501945"]
[WhiteElo "2095"]
[BlackElo "2185"]
[Result "0-1"]
[Round "08"]
[TimeControl "180+2"]
[Date "2023.03.21"]
[WhiteClock "0:00:10"]
[BlackClock "0:00:11"]

1. d4 c6 2. Nf3 d5 3. g3 Bg4 4. Bg2 Qc8 5. c4 Bh3 6. O-O h5 7. cxd5 cxd5 8. Bf4 Nc6 9. Nc3 Bxg2 10. Kxg2 Qd7 11. Qb3 e6 12. e4 dxe4 13. Nxe4 Nf6 14. Nxf6+ gxf6 15. d5 exd5 16. Rfe1+ Be7 17. Rad1 d4 18. Re4 Kf8 19. Nxd4 Nxd4 20. Rexd4 Qc6+ 21. Kg1 h4 22. Bd6 Bxd6 23. Rxd6 Qe4 24. Rd7 Rh7 25. Qxb7 Qxb7 26. Rxb7 a5 27. Rdd7 h3 28. f4 Rc8 29. Ra7 Rc1+ 30. Kf2 Rc2+ 31. Kf3 Rxb2 32. Rxa5 Rxh2 33. Rf5 Rxa2 34. Rxf6 h2 35. Rd1 h1=Q+ 36. Rxh1 Rxh1 37. Kg4 Rg2 38. Rb6 Kg7 39. Kf5 Rxg3 0-1


[Site "https://www.chess.com"]

[Event "Titled Tuesday Blitz March 21 Late 2023"]
[White "Fernandez Hernandez, Gerardo"]
[Black "Horokoskii"]
[WhiteFideId "2207400"]
[WhiteElo "2217"]
[BlackElo "2078"]
[Result "0-1"]
[Round "08"]
[TimeControl "180+2"]
[Date "2023.03.21"]
[WhiteClock "0:00:10"]
[BlackClock "0:00:15"]

1. e4 e6 2. d3 d5 3. Qe2 dxe4 4. dxe4 e5 5. Nf3 Nc6 6. c3 Nf6 7. Qc2 Bc5 8. Be2 Be6 9. O-O h6 10. b4 Bb6 11. b5 Na5 12. Nxe5 O-O 13. Nd2 Qd6 14. Ndc4 Nxc4 15. Nxc4 Qc5 16. Ba3 Qg5 17. Nxb6 axb6 18. Bxf8 Kxf8 19. f4 Qc5+ 20. Kh1 Ra3 21. f5 Bc4 22. Rfc1 Qxb5 23. Bxc4 Qxc4 24. Qb2 Ra5 25. Qb4+ Qxb4 26. cxb4 Ra3 27. e5 Nd5 28. b5 Ke8 29. Rc2 Kd7 30. Rd1 c6 31. bxc6+ bxc6 32. Rb2 Kc7 33. Rc2 Ne3 34. Rdc1 Nxc2 35. Rxc2 Re3 36. e6 Re1# 0-1


[Site "https://www.chess.com"]

[Event "Titled Tuesday Blitz March 21 Late 2023"]
[White "Clawitter, Craig"]
[Black "salgadoLO"]
[WhiteFideId "2023105"]
[WhiteElo "2224"]
[BlackElo "2180"]
[Result "0-1"]
[Round "08"]
[TimeControl "180+2"]
[Date "2023.03.21"]
[WhiteClock "0:00:01"]
[BlackClock "0:00:15"]

1. e4 c5 2. Nf3 e6 3. d4 cxd4 4. Nxd4 Nc6 5. Nc3 Qc7 6. Be3 a6 7. Qd2 Nf6 8. O-O-O Be7 9. f4 d6 10. Be2 Bd7 11. g4 O-O 12. g5 Ne8 13. f5 Nxd4 14. Bxd4 exf5 15. Nd5 Qd8 16. h4 fxe4 17. Kb1 Bc6 18. Ne3 Nc7 19. Nf5 Ne6 20. Be3 d5 21. Rdg1 d4 22. Nxd4 Nxd4 23. Qxd4 Qxd4 24. Bxd4 Rfd8 25. Rd1 Rd6 26. Be5 Rxd1+ 27. Rxd1 Rd8 28. Rxd8+ Bxd8 29. Kc1 Ba5 30. Bg4 Be1 31. h5 Bh4 32. Bf4 f6 33. gxf6 Bxf6 34. c3 Bd5 35. a3 Kf7 36. Kd2 Be6 37. Bxe6+ Kxe6 38. Ke3 Kf5 39. h6 g5 0-1


[Site "https://www.chess.com"]